 Dungeon Crawl Stone Soup version 0.27.1-1-g398f81649c (webtiles) character file.

Game seed: 13430535782083812179

95 VictoriousLee the Slasher (level 4, -2/36 HPs)
             Began as a Barachi Fighter on Sept 8, 2021.
             Killed by an exploding Pikel (17 damage)
             ... ignited by their inner flame
             ... on level 3 of the Dungeon.
             The game lasted 00:07:26 (2990 turns).

VictoriousLee the Slasher (Barachi Fighter)         Turns: 2990, Time: 00:07:27

Health: -2/36      AC:  7    Str: 18    XL:     4   Next: 65%
Magic:  4/4        EV: 17    Int:  9    God:
Gold:   147        SH:  0    Dex: 11    Spells: 3/3 levels left

rFire    + + .     SeeInvis .   (weapon currently unavailable)
rCold    + + .     Faith    .   (shield currently unavailable)
rNeg     + + +     Spirit   .   (armour currently unavailable)
rPois    ∞         Reflect  .   (helmet currently unavailable)
rElec    +         Harm     .   (cloak currently unavailable)
rCorr    +         Rampage  .   (gloves currently unavailable)
Will     .....                  (boots currently unavailable)
Stlth    +.........             (amulet currently unavailable)
HPRegen  0.12/turn              (ring currently unavailable)
MPRegen  0.09/turn              (ring currently unavailable)

@: wisp-form, flying
A: insubstial, flying, no casting, (amphibious), tiny, (slowness 1), (strong
legs 1), +LOS
a: no special abilities


You were on level 3 of the Dungeon.
You were an insubstantial wisp.
You visited 1 branch of the dungeon, and saw 4 of its levels.

You collected 147 gold pieces.

Inventory:

Hand Weapons
 a - a +0 long sword (melded)
Armour
 b - a +0 scale mail (melded)
 c - a +0 kite shield (melded)
 g - a +0 pair of boots (melded)
 o - a +2 helmet (melded)
Magical Staves
 k - a staff of fire
Scrolls
 e - a scroll of identify {unknown}
 i - a scroll of magic mapping {unknown}
 j - 2 scrolls of teleportation {unknown}
 l - a scroll of acquirement {unknown}
 n - a scroll of blinking {unknown}
Potions
 f - 2 potions of curing
 h - 2 potions of heal wounds
 m - 2 potions of attraction {unknown}


   Skills:
 - Level 3.6 Fighting
 + Level 5.7 Long Blades
 - Level 3.6 Armour
 - Level 3.2 Shields


You had 3 spell levels left.
You didn't know any spells.
Your spell library contained the following spells:

 Spells                   Type           Power      Damage    Failure   Level
 Slow                     Hex            0%         N/A       52%         2
 Confusing Touch          Hex            0%         N/A       77%         3
 Olgreb's Toxic Radiance  Pois           0%         N/A       99%         4
 Yara's Violent Unravell  Hex/Tmut       0%         3d3       100%        5
 Ozocubu's Refrigeration  Ice            0%         4d5       100%        7
 Ignition                 Fire           0%         3d3       100%        8


Dungeon Overview and Level Annotations

Branches:
Dungeon (4/15)
 Temple: D:4-7

Altars:
Kikubaaqudgha

Shops:
D:2 [*


Innate Abilities, Weirdness & Mutations

You are an insubstantial wisp.
Your tiny insubstantial body is highly resistant to most damage types.
You are flying.
Your equipment is entirely melded.
You are incapable of wielding weapons or throwing items.
You cannot cast spells.
((You are amphibious.))
((You cover ground slowly.))
((You can hop short distances.))
You have an extended range of vision and can be seen from far away.


Message History

Your +2 helmet melds into your body.
Your +0 pair of boots melds into your body.
Your +0 kite shield melds into your body.
Your +0 scale mail melds into your body.
The lemure completely misses you. The lemure hits you.
You fly upwards.
There is a stone staircase leading down here.
Sorry, you're not good enough to have a special ability.
Okay, then.
As you read the scroll labelled QEOPRUI VONE, it crumbles to dust.
The creatures around you are filled with an inner flame!
It was a scroll of immolation.
The lemure hits you.
Pikel hits you with a +2 whip of freezing.
Pikel freezes you. The lemure hits you!
It was a potion of heal wounds.
You feel much better. The lemure closely misses you.
Pikel hits you but does no damage. The lemure hits you.
You closely miss Pikel. The lemure hits you. Pikel completely misses you.
You touch Pikel but do no damage.
The lemure hits you but does no damage. The lemure closely misses you.
Pikel zaps a wand.
You touch Pikel.
Flame seeps out of Pikel.
Pikel is lightly wounded.
The lemure hits you. x2
Unknown command.
You touch Pikel.
Flame seeps out of Pikel.
Pikel is lightly wounded.
Pikel is engulfed in blazing flames.
Flame seeps out of Pikel.
Pikel misses you. The lemure hits you. The lemure misses you.
You closely miss Pikel.
Pikel is moderately wounded.
Pikel is engulfed in blazing flames.
Flame seeps out of Pikel.
Pikel barely misses you. The lemure hits you. The lemure completely misses you.
You touch Pikel.
Flame seeps out of Pikel.
Pikel is heavily wounded.
Pikel is engulfed in blazing flames.
With Pikel's spell broken, his former minions thank you for their freedom.
The lemure departs this earthly plane. x3
Pikel explodes!
The fiery explosion engulfs you! You resist.
You die...

#......##.# #......##.#
#......##.# #########.####.#
#.......#.# #.# #.#####.#†#
#.############# #.#.....#.#
#.#............
#.#.#####.####..............
#.........§v§§..............
#.#.#####.#°###......###....
#.........§§# #..###.###.###
#.#..#.##...###..........#..
#.#.........................
#.##.#.###..................
#.##.#.########.##########.#
#.##.#(#....................
#.##.#.#.######..#########.#


There were no monsters in sight!

Vanquished Creatures
  Pikel (D:3)
  2 adders
  2 worms
  2 dart slugs (D:2)
  4 orcs
  4 bats
  7 endoplasms
  2 giant cockroaches (D:2)
  6 goblins
  7 hobgoblins
  7 jackals
  2 kobolds
  4 ball pythons
  5 frilled lizards
  4 rats
59 creatures vanquished.

Notes
Turn   | Place    | Note
-------+----------+-------------------------------------------
     0 | D:1      | VictoriousLee the Barachi Fighter began the quest for the
                  | Orb.
     0 | D:1      | Reached XP level 1. HP: 18/18 MP: 1/1
    48 | D:1      | Reached skill level 3 in Long Blades
   120 | D:1      | Reached XP level 2. HP: 24/24 MP: 2/2
   218 | D:1      | Found a faded altar of an unknown god.
   541 | D:1      | Reached skill level 4 in Long Blades
   625 | D:1      | Reached XP level 3. HP: 27/29 MP: 3/3
  1507 | D:2      | Reached skill level 5 in Long Blades
  1680 | D:2      | Reached XP level 4. HP: 22/36 MP: 4/4
  1884 | D:2      | Found Cethruph's Assorted Antiques.
  1978 | D:2      | Found Sodue's Armour Shop.
  2534 | D:3      | Found an ancient bone altar of Kikubaaqudgha.
  2972 | D:4      | Noticed Pikel
  2972 | D:4      | Noticed a lemure
  2972 | D:4      | Noticed a lemure
  2972 | D:4      | Noticed a lemure
  2973 | D:4      | Noticed a lemure
  2990 | D:3      | Killed Pikel
  2990 | D:3      | Killed by an exploding Pikel... ignited by their inner
                  | flame

Illustrated notes

Levels and vault maps discovered:
D:1:      dpeg_arrival_castle, layout_basic, hellmonk_ecumenical_altar_run_dry,
          corexii_hall_statues_u
D:2:      layout_basic, serial_shops, nicolae_shop_overgrown_old_shop, shop
D:3:      layout_basic, old_standard_altar
D:4:      layout_rooms, minmay_temple_entry_sparse_star, uniq_menkaure,
          uniq_pikel

Skill      XL: |  1  2  3 |
---------------+----------+-----
Long Blades    | 3 4 5 |  5.7
Fighting       | |  3.6
Armour         | |  3.6
Shields        | |  3.2

Action                   |  1- 3 |  4- 6 || total
-------------------------+-------+-------++-------
Melee: Long sword        |   122 |    80 ||   202
       Unarmed           |       |     6 ||     6
  Use: Potion            |     3 |     1 ||     4
       Scroll            |       |     1 ||     1
Armor: Scale mail        |    51 |    26 ||    77
       Skin              |       |     2 ||     2
Dodge: Dodged            |    34 |    26 ||    60
Block: Kite shield       |    65 |    43 ||   108
       Rpst.: Long sword |     4 |     7 ||    11
